 Dungeon Crawl Stone Soup version 0.21.1-1-g345015f (webtiles) character file.

1357 GrunderHorse the Skirmisher (level 8, 0/130 HPs)
             Began as an Ogre Hunter on Feb 25, 2018.
             Slain by a hornet (10 damage)
             ... while paralysed by a hornet
             ... on level 5 of the Dungeon.
             The game lasted 00:13:15 (6087 turns).

GrunderHorse the Skirmisher (Ogre Hunter)           Turns: 6087, Time: 00:13:15

Health: 0/130      AC:  3    Str: 22    XL:     8   Next: 64%
Magic:  16/16      EV:  1    Int: 12    God:
Gold:   175        SH:  0    Dex: 11    Spells: 17/17 levels left

rFire    . . .     SeeInvis .   a - +0 short sword
rCold    . . .     Gourm    .   (no shield)
rNeg     . . .     Faith    .   b - +0 robe
rPois    .         Spirit   .   (helmet restricted)
rElec    .         Reflect  .   (no cloak)
rCorr    +         Harm     .   (gloves unavailable)
MR       .....                  (boots unavailable)
Stlth    ..........             (no amulet)
HPRegen  0.31/turn              D - ring of resist corrosion
MPRegen  0.15/turn              (no ring)

@: paralysed, berserking (expiring), lethally poisoned (0 -> 0), slowed
A: large, unfitting armour, tough skin 1
a: no special abilities


You were on level 5 of the Dungeon.
You were near starving.

You visited 1 branch of the dungeon, and saw 5 of its levels.

You collected 175 gold pieces.

Inventory:

Hand Weapons
 a - a +0 short sword (weapon)
 C - a +0 giant spiked club
Missiles
 c - 5 large rocks (quivered)
 h - 30 sling bullets
 x - 25 stones
 y - 5 javelins of penetration
Armour
 b - a +0 robe (worn)
Jewellery
 D - a ring of resist corrosion (left hand)
Wands
 w - a wand of paralysis (4)
Scrolls
 d - 2 scrolls of fear {unknown}
 e - 2 scrolls of magic mapping {unknown}
 g - 2 scrolls of remove curse {unknown}
 i - 2 scrolls of random uselessness {unknown}
 k - 4 scrolls of identify {unknown}
 l - 3 scrolls of amnesia {unknown}
 p - 2 scrolls of immolation {unknown}
 q - a scroll of enchant armour {unknown}
 t - 4 scrolls of blinking {unknown}
 u - 2 scrolls of teleportation {unknown}
Potions
 m - a potion of heal wounds {unknown}
 n - 3 potions of haste {unknown}
 o - a potion of mutation {unknown}
 r - 2 potions of lignification {unknown}
 s - a potion of resistance {unknown}
 z - a potion of degeneration {unknown}
 B - a potion of ambrosia {unknown}
Books
 v - a book of Minor Magic

   Spells                             Type                      Level
   a - Magic Dart                     Conjuration                  1
   b - Blink                          Translocation                2
   c - Call Imp                       Summoning                    2
   d - Slow                           Hexes                        2
   e - Conjure Flame                  Conjuration/Fire             3
   f - Mephitic Cloud                 Conjuration/Poison/Air       3
Comestibles
 f - 9 rations


   Skills:
 + Level 7.1 Fighting
 + Level 6.4 Throwing
 + Level 5.0 Dodging
 - Level 1.0 Stealth
 + Level 5.3 Spellcasting


You had 17 spell levels left.
You didn't know any spells.

Dungeon Overview and Level Annotations

Branches:
Dungeon (5/15)
 Temple: D:4-7

Altars:
Elyvilon
Fedhas

Annotations:
D:3 sdsc42's ghost, amateur DgWn


Innate Abilities, Weirdness & Mutations

You are too large for most types of armour.
You have tough skin. (AC +1)


Message History

You closely miss the hornet. The hornet barely misses you.
The hornet stings you!
You feel as though you will be slow longer.
You are too berserk!
You are too berserk!
You barely miss the hornet.
You feel sick. The hornet barely misses you. The hornet stings you.
* * * LOW HITPOINT WARNING * * *
You feel as though you will be slow longer.
You completely miss the hornet. The hornet stings you.
* * * LOW HITPOINT WARNING * * *
You suddenly lose the ability to move!
The hornet stings you!
* * * LOW HITPOINT WARNING * * *
You feel as though you will be slow longer.
The hornet stings you!
* * * LOW HITPOINT WARNING * * *
You shrug off the repeated paralysis!
You feel sick. The hornet stings you!
You die...

######### ##.#......
### ##....##### #.. ###
##..>..##### ###..
..###........... #....
#>.........##### #....
#..........# #
#....###..........## #
###...@............# ##
#....y...######.##.###.
#.##(#.#.# #........
#.#.#.# #.##.###.
#.#.#.######.##(####
#.#.#........#...###
#.#.#.........###...
..#.#.#####...# #.##
#.#.#....##.#.###.##


You could see a hornet.

Vanquished Creatures
  Grinder (D:3)
  Menkaure (D:5)
  A water moccasin (D:5)
  An ogre (D:4)
  2 phantoms (D:5)
  A centaur (D:5)
  2 howler monkeys (D:4)
  A crimson imp (D:5)
  2 bullfrog skeletons
  A hound (D:5)
  A gnoll shaman (D:5)
  An orc wizard (D:5)
  An iguana (D:4)
  2 worker ants (D:4)
  9 gnolls
  5 adders
  A shadow imp (D:5)
  2 oozes (D:2)
  2 worms (D:4)
  3 dart slugs
  4 leopard geckos
  13 orcs
  2 ball pythons
  5 giant cockroaches
  4 goblins
  5 hobgoblins
  7 jackals
  3 quokkas
  11 bats
  4 frilled lizards
  4 kobolds (D:1)
  A leopard gecko skeleton (D:4)
  7 rats
110 creatures vanquished.

Notes
Turn   | Place    | Note
-------+----------+-------------------------------------------
     0 | D:1      | GrunderHorse the Ogre Hunter began the quest for the Orb.
     0 | D:1      | Reached XP level 1. HP: 22/22 MP: 1/1
    91 | D:1      | Reached XP level 2. HP: 21/29 MP: 2/2
   224 | D:1      | Reached skill level 3 in Fighting
   256 | D:1      | Reached skill level 1 in Stealth
   653 | D:1      | Reached skill level 1 in Spellcasting
   768 | D:1      | Reached XP level 3. HP: 36/37 MP: 4/4
  1170 | D:2      | Reached XP level 4. HP: 34/46 MP: 6/6
  1699 | D:2      | Reached skill level 4 in Fighting
  1699 | D:2      | Reached XP level 5. HP: 32/54 MP: 8/8
  2372 | D:3      | Noticed Grinder
  2379 | D:3      | Killed Grinder
  2379 | D:3      | Reached skill level 5 in Throwing
  2379 | D:3      | Reached XP level 6. HP: 59/65 MP: 8/10
  2624 | D:3      | Reached skill level 5 in Fighting
  2639 | D:3      | HP: 3/66 [poisoned by an adder]
  2644 | D:3      | HP: 2/66 [poisoned by an adder]
  2651 | D:3      | HP: 2/66 [poisoned by an adder]
  2659 | D:3      | HP: 1/66 [poisoned by an adder]
  2864 | D:3      | Noticed sdsc42's ghost (amateur DgWn)
  4176 | D:4      | Found a blossoming altar of Fedhas.
  4193 | D:4      | Reached XP level 7. HP: 72/72 MP: 12/12
  4767 | D:5      | Entered Level 5 of the Dungeon
  5043 | D:5      | Found a white marble altar of Elyvilon.
  5063 | D:5      | Reached skill level 6 in Fighting
  5074 | D:5      | Reached XP level 8. HP: 53/83 MP: 14/14
  5425 | D:5      | Noticed Menkaure
  5427 | D:5      | Killed Menkaure
  5585 | D:5      | Reached skill level 5 in Spellcasting
  5882 | D:5      | Reached skill level 7 in Fighting
  5955 | D:5      | Reached skill level 5 in Dodging
  6064 | D:5      | Noticed a hornet
  6085 | D:5      | Paralysed by a hornet for 3 turns
  6087 | D:5      | Slain by a hornet

Skill      XL: |  1  2  3  4  5  6  7  8 |
---------------+-------------------------+-----
Fighting       | 3 4 5 6 7 |  7.1
Dodging        | 2 3 4 5 |  5.0
Stealth        | 1 |  1.0
Spellcasting   | 1 2 3 4 5 |  5.3
Throwing       | 5 6 |  6.4

Action                   |  1- 3 |  4- 6 |  7- 9 || total
-------------------------+-------+-------+-------++-------
Melee: Short sword       |   128 |   159 |   134 ||   421
Throw: Large rock        |     1 |    26 |    32 ||    59
       Stone             |       |    11 |    47 ||    58
       Javelin           |       |     3 |     8 ||    11
       Tomahawk          |       |       |    14 ||    14
       Throwing net      |       |       |     4 ||     4
  Use: Potion            |       |       |     1 ||     1
 Stab: Sleeping          |     2 |     2 |       ||     4
       Held in net/web   |       |       |     1 ||     1
  Eat: Chunk             |     1 |     9 |     5 ||    15
Armor: Robe              |    46 |    62 |    21 ||   129
Dodge: Dodged            |    75 |   128 |   116 ||   319
